Match 42105616
Unlisted

Match 42105616
End
Selects Airborne Battlegroup
Selects Heavy Machine Gun Paradrop
Heavy Machine Gun Paradrop
Construct Barracks
Riflemen Squad
Riflemen Squad
Grenade Package
Engineer Squad
Construct Weapon Support Center
Selects Paratrooper Squad Paradrop
Paratrooper Squad Paradrop
thecrazycowboygeneral
Spirit
Nashorn101
[CoA] Deathkrieg
Ulysses
Stark -_-
0
0

Comments sign in to comment!

No comments posted yet!